 Dungeon Crawl Stone Soup version 0.31-a0-164-g2312942fda (webtiles) character file.

Game seed: 16819027262510312736

106 kae the Changer (level 4, 0/52 HPs)
             Began as a Draconian Transmuter on June 13, 2023.
             Slain by a gnoll
             ... wielding a +2 halberd of venom
              (6 damage)
             ... on level 3 of the Dungeon.
             The game lasted 00:02:39 (2042 turns).

kae the Changer (Draconian Transmuter)              Turns: 2042, Time: 00:02:39

Health: 0/52       AC: 22    Str: 12    XL:     4   Next: 55%
Magic:  4/8        EV:  2    Int: 15    God:
Gold:   190        SH:  0    Dex: 12    Spells: 2/8 levels left

rFire   . .          .
                       - Unarmed
rCold   . . .        (no shield)
rNeg    . . .        (body armour unavailable)
rPois   +            (helmet currently unavailable)
rElec   .            (cloak currently unavailable)
rCorr   .            (gloves currently unavailable)
SInv    .            (boots currently unavailable)
Will    .....        (no amulet)
Stlth   +            (no ring)
HPRegen 0.28/turn    (no ring)
MPRegen 0.11/turn

%: no passive effects
@: lethally poisoned (0 -> -17), tree-form, wereblooded
A: stationary, stasis, torment immunity, boosted hp, AC +5, unfitting armour,
(cold-blooded)
a: no special abilities


You were on level 3 of the Dungeon.
You were a tree.
You visited 1 branch of the dungeon, and saw 3 of its levels.

You collected 190 gold pieces.


Innate Abilities, Weirdness & Mutations

You are a tree.
Your roots penetrate the ground, keeping you stationary.
You cannot be teleported.
You are immune to unholy pain and torment.
Your maximum health is greatly increased.
Your equipment is partially melded.
((Your plain brown scales are hard. (AC +5)))
You cannot fit into any form of body armour.
((You are cold-blooded and may be slowed by cold attacks.))


   Skills:
 - Level 1.1 Fighting
 - Level 1.7 Dodging
 - Level 3.0 Unarmed Combat
 + Level 2.8 Spellcasting
 * Level 3.7 Transmutations
 * Level 1.7 Poison Magic


You had 2 spell levels left.
You knew the following spells:

 Your Spells              Type           Power      Damage    Failure   Level
a - Beastly Appendage     Tmut           26%        N/A       4%          1
b - Wereblood             Tmut           13%        N/A       7%          2
c - Spider Form           Tmut/Pois      10%        N/A       21%         3

Your spell library contained the following spells:

 Spells                   Type           Power      Damage    Failure   Level
 Slow                     Hex            8%         N/A       21%         1
 Summon Small Mammal      Summ           8%         N/A       21%         1
 Call Canine Familiar     Summ           2%         N/A       52%         3
 Confusing Touch          Hex            2%         N/A       52%         3
 Portal Projectile        Hex/Tloc       4%         N/A       52%         3
 Summon Guardian Golem    Hex/Summ       2%         N/A       52%         3
 Tukima's Dance           Hex            2%         N/A       52%         3
 Vampiric Draining        Necr           2%         2d6       52%         3
 Ice Form                 Ice/Tmut       7%         N/A       67%         4
 Blade Hands              Tmut           6%         N/A       77%         5

Inventory:

Missiles
 e - 31 stones
 f - 7 poisoned darts
 l - 2 javelins
Magical Staves
 c - a staff of death {!a}
   (You found it on level 3 of the Dungeon)
 g - a staff of death {!a}
   (You found it on level 1 of the Dungeon)
Scrolls
 b - a scroll of identify {@r1}
 d - a scroll of noise {unknown}
 i - a scroll of immolation {!r!r}
Potions
 h - a potion of brilliance
 k - a potion of might {unknown}
 m - a potion of resistance {unknown}

Dungeon Overview and Level Annotations

Branches:
Dungeon (3/15) Zot: 15961

Altars:

#..##.# ...... #..##.# .....
#..##.# ..gg #..##.# g..
#..##.# .. ########..#..# .#
#.........#..########g######
#.###>........♣gg.†.........
#.###.#......########.######
#.##......<.............
#.##..##..#..###### #.....
#.##..##..#..########.###.#
#.##...............##.# #
#.###.................# #.#
#.##..#....######.# #.#
#.###.........# #.#


You could see 3 gnolls.


Message History

The endoplasm freezes you.
You are frozen.
You feel yourself slow down. 😕 HP[-3]
You take 3 damage, and now have 31/35 hp.
You barely miss the endoplasm.
The endoplasm hits you but does no damage.
You hit the endoplasm.
You kill the endoplasm!
You feel yourself speed up.
No target in view!
No target in view!
Key pressed, stopping explore.
Unknown command. 😎 HP[+4]
Your hp is fully restored (35).
There is a stone staircase leading down here.
A hobgoblin comes into view.
The hobgoblin shouts!
You hear a shout! x2
A hobgoblin is nearby!
A hobgoblin is nearby!
A hobgoblin is nearby!
Casting: Beastly Appendage (safe; 4% risk of failure)
Confirm with . or Enter, or press ? or * to list all spells.
You grow a pair of large bovine horns.
Your feet morph into talons. 😎 MP[-1]
You lost 1 mp, and now have 7/8 mp.
The hobgoblin completely misses you.
You hit the hobgoblin. Your kick misses the hobgoblin.
The hobgoblin closely misses you.
You hit the hobgoblin.
You kill the hobgoblin!
No target in view!
You see here a hobgoblin corpse. 2 gnolls come into view.
A gnoll is wielding a +2 halberd of venom.
The gnoll shouts! x2; You hear a shout!
A gnoll comes into view. It is wielding a +0 whip. 😎 MP[+1]
Your mp is fully restored (8).
Unknown command.
There are monsters nearby!
There are monsters nearby!
Unknown command.
You see here a hobgoblin corpse.
Your transformation is almost over.
Casting: Beastly Appendage (safe; 4% risk of failure)
Confirm with . or Enter, or press ? or * to list all spells.
The spell is quite dangerous to miscast (21% risk of failure)!
Continue anyway? [Y]es or [N]o only, please.
The spell is quite dangerous to miscast (21% risk of failure)!
Continue anyway?
Your horns disappear.
Your talons disappear.
You turn into a venomous arachnid creature. 😎 MP[-3]
You lost 3 mp, and now have 5/8 mp.
Casting: Spider Form (quite dangerous; 41% risk of failure)
Confirm with . or Enter, or press ? or * to list all spells.
Your blood is infused with primal strength. 😎 MP[-2]
You lost 2 mp, and now have 3/8 mp.
You hit the gnoll.
The gnoll is poisoned.
You hit the gnoll.
The gnoll looks as sick as possible!
The gnoll hits you with a +0 club. 😕 HP[-1]
You take 1 damage, and now have 34/35 hp.
Unknown command.
You barely miss the gnoll. The gnoll hits you with a +0 club.
The gnoll completely misses you. 😕 HP[-5]
You take 5 damage, and now have 29/35 hp.
You hit the gnoll.
You feel a bit better.
You kill the gnoll!
The gnoll hits you from afar with a +2 halberd of venom!
You are lethally poisoned! 😮 HP[-7]
You take 7 damage, and now have 22/35 hp.
* * * LOW HITPOINT WARNING * * *
You feel extremely sick. The gnoll completely misses you.
You see here a +0 club. 😨 HP[-9]
You take 9 damage, and now have 13/35 hp.
MASSIVE DAMAGE!! (PAUSE)
You hit the gnoll.
Your transformation is almost over.
* * * LOW HITPOINT WARNING * * *
You feel very sick. The gnoll closely misses you.
A gnoll comes into view. It is wielding a +0 spear. 😱 HP[-5]
You take 5 damage, and now have 8/35 hp.
Unknown command.
Really quaff
a - a potion of lignification {!q}?
Really quaff the potion of lignification?
Your transformation has ended.
You turn into a tree.
Your roots penetrate the ground.
* * * LOW HITPOINT WARNING * * *
You feel very sick.
The gnoll hits you with a +2 halberd of venom.
You die...

Skill      XL: |  1  2  3 |
---------------+----------+-----
Transmutations | 3 |  3.7
Poison Magic   | 1 |  1.7
Fighting       | |  1.1
Dodging        | |  1.7
Unarmed Combat | |  3.0
Spellcasting   | |  2.8

Action                     |  1- 3 |  4- 6 || total
---------------------------+-------+-------++-------
  Melee: Unarmed           |   118 |    42 ||   160
         Kick              |    27 |     5 ||    32
         Headbutt          |    15 |     4 ||    19
         Tailslap          |    19 |     5 ||    24
   Cast: Beastly Appendage |    33 |     7 ||    40
         Spider Form       |       |     1 ||     1
         Wereblood         |       |     1 ||     1
    Use: Scroll            |     6 |       ||     6
         Potion            |       |     2 ||     2
 Armour: Skin              |    44 |     6 ||    50
  Dodge: Dodged            |    99 |    21 ||   120

Levels and vault maps discovered:
D:1:      dpeg_arrival_rhombus, layout_basic
D:2:      layout_rooms
D:3:      layout_basic, st_stairs_12, minmay_misc_feat_roman

Notes
Turn   | Place    | Note
-------+----------+-------------------------------------------
     0 | D:1      | kae the Draconian Transmuter began the quest for the Orb.
     0 | D:1      | Reached XP level 1. HP: 16/16 MP: 3/3
     0 | D:1      | magus.rc [v1.11.3]
    38 | D:1      | You pick up a book of Callings and begin reading...
    38 | D:1      | You add the spells Summon Small Mammal, Call Canine
                  | Familiar and Summon Guardian Golem to your library.
   175 | D:1      | Reached XP level 2. HP: 18/23 MP: 3/5
   471 | D:1      | Reached skill level 3 in Transmutations
   572 | D:1      | Reached XP level 3. HP: 28/28 MP: 4/6
   575 | D:1      | Learned a level 2 spell: Wereblood
   579 | D:1      | Learned a level 3 spell: Spider Form
  1025 | D:1      | You pick up a book of Debilitation and begin reading...
  1025 | D:1      | You add the spells Slow, Vampiric Draining and Confusing
                  | Touch to your library.
  1098 | D:2      | You fall into a shaft and drop 1 floor!
  1202 | D:2      | Reached skill level 1 in Poison Magic
  1567 | D:3      | Reached XP level 4. HP: 31/35 MP: 6/8
  1606 | D:3      | You pick up a book of Weapons and begin reading...
  1606 | D:3      | You add the spells Tukima's Dance, Portal Projectile and
                  | Blade Hands to your library.
  1636 | D:3      | HP: 7/35 [poisoned by an adder]
  1637 | D:3      | HP: 3/35 [poisoned by an adder]
  1638 | D:3      | HP: 1/35 [poisoned by an adder]
  2041 | D:3      | HP: 8/35 [poisoned by a gnoll]
  2042 | D:3      | Slain by a gnoll

Vanquished Creatures
  A gnoll (D:3)
  3 adders
  4 dart slugs
  An orc (D:3)
  7 ball pythons
  2 bats
  8 endoplasms
  4 giant cockroaches
  3 goblins
  3 hobgoblins
  4 jackals (D:1)
  2 quokkas
  3 frilled lizards
  5 kobolds
  4 rats
54 creatures vanquished.

Table legend:
 A = Non-vault XP
 B = Vault XP
 C = Vault XP percentage of total XP
 D = Non-vault monster count
 E = Vault monster count
 F = Vault count percentage of total count
                 A         B        C        D         E       F
            +---------+---------+-------+---------+---------+-------
      Total |     148 |       4 |   2.6 |      52 |       2 |   3.7
            +---------+---------+-------+---------+---------+-------
        D:1 |      57 |       0 |   0.0 |      30 |       0 |   0.0
        D:2 |      34 |       0 |   0.0 |      10 |       0 |   0.0
        D:3 |      57 |       4 |   6.6 |      12 |       2 |  14.3
            +---------+---------+-------+---------+---------+-------

Skill      XL: |  1  2  3 |
---------------+----------+-----
Transmutations | 3 |  3.7
Poison Magic   | 1 |  1.7
Fighting       | |  1.1
Dodging        | |  1.7
Unarmed Combat | |  3.0
Spellcasting   | |  2.8

Action                     |  1- 3 |  4- 6 || total
---------------------------+-------+-------++-------
  Melee: Unarmed           |   118 |    42 ||   160
         Kick              |    27 |     5 ||    32
         Headbutt          |    15 |     4 ||    19
         Tailslap          |    19 |     5 ||    24
   Cast: Beastly Appendage |    33 |     7 ||    40
         Spider Form       |       |     1 ||     1
         Wereblood         |       |     1 ||     1
    Use: Scroll            |     6 |       ||     6
         Potion            |       |     2 ||     2
 Armour: Skin              |    44 |     6 ||    50
  Dodge: Dodged            |    99 |    21 ||   120

Illustrated notes

Table legend:
 A = Kills in this place as a percentage of kills in the entire game.
 B = Kills by you in this place as a percentage of kills by you in the entire game.
 C = Kills by friends in this place as a percentage of kills by friends in the entire game.
 D = Other kills in this place as a percentage of other kills in the entire game.
 E = Experience gained in this place as a percentage of experience gained in the entire game.
 F = Experience gained in this place divided by the number of levels of this place that you have seen.
                   A       B       C       D       E      F
               +-------+-------+-------+-------+-------+----------------------
         Total | 100.0 | 100.0 |   N/A |   N/A | 100.0 |  50.7
       Dungeon | 100.0 | 100.0 |   N/A |   N/A | 100.0 |  50.7
               +-------+-------+-------+-------+-------+----------------------

Table legend: (Time is in decaauts)
 A = Elapsed time spent in this place.
 B = Non-inter-level travel time spent in this place.
 C = Inter-level travel time spent in this place.
 D = Time resting spent in this place.
 E = Time spent auto-exploring this place.
 F = Levels seen in this place.
 G = Mean time per level.
                   A        B        C        D        E       F      G
               +--------+--------+--------+--------+--------+-----+--------+
         Total |   2037 |   1992 |     45 |      0 |   1547 |   3 |  679.0 |
       Dungeon |   2037 |   1992 |     45 |      0 |   1547 |   3 |  679.0 |
               +--------+--------+--------+--------+--------+-----+--------+

Top non-repeatable levels by time:
     D:1: 1097 daAuts
     D:3: 536 daAuts
     D:2: 403 daAuts
